 Dungeon Crawl Stone Soup version 0.21.0-3-g78d12a8 (webtiles) character file.

202485 myopia the Warrior (level 18, -1/121 HPs)
             Began as a Hill Orc Fighter on Jan 10, 2018.
             Was the Champion of Beogh.
             Slain by an iron imp (2 damage)
             ... summoned by a neqoxec
             ... on level 4 of the Abyss on Jan 12, 2018.
             The game lasted 03:40:27 (29938 turns).

myopia the Warrior (Hill Orc Fighter)              Turns: 29938, Time: 03:40:28

Health: -1/121     AC: 22    Str: 17    XL:     18   Next: 58%
Magic:  1/24       EV:  8    Int:  9    God:    Beogh [******]
Gold:   2199       SH:  0    Dex: 17    Spells: 35/35 levels left

rFire    . . .     SeeInvis .   a - +7 war axe (venom)
rCold    + . .     Gourm    .   D - +0 large shield
rNeg     + . .     Faith    .   k - +2 plate armour {rF+}
rPois    .         Spirit   .   (helmet restricted)
rElec    .         Reflect  .   q - scarf {repulsion}
rCorr    .         Harm     .   G - +2 pair of gloves
MR       +....     Rnd*Rage +   (no boots)
Stlth    ..........             E - amulet of regeneration
HPRegen  0.00/turn              I - +5 ring of protection
MPRegen  0.19/turn              g - ring of Cudeaha {Ice rN+ Dex+4}

@: confused, repel missiles
A: walk on water, antennae 1, [berserk 3], [blurry vision 2], clumsy 1,
[deformed body], [deterioration 2], [frail 3], [low mp 2], [screaming 3],
[inhibited regeneration], [weak 2]
}: 1/15 runes: decaying
a: Smiting, Recall Orcish Followers, Give Item to Named Follower, Resurrection,
Renounce Religion


You were on level 4 of the Abyss.
You worshipped Beogh.
Beogh was exalted by your worship.
You were not hungry.

You visited 6 branches of the dungeon, and saw 32 of its levels.
You visited the Abyss 1 time.

You collected 2857 gold pieces.
You spent 658 gold pieces at shops.

Inventory:

Hand Weapons
 a - a +7 war axe of venom (weapon)
 A - a +3 dire flail of holy wrath
 J - a +1 battleaxe of electrocution
 O - a +2 demon trident
 R - a +1 battleaxe of distortion
Missiles
 H - 15 javelins (quivered)
Armour
 k - a +2 plate armour of fire resistance (worn)
 q - a scarf of repulsion (worn)
 u - a +2 helmet of see invisible
 D - a +0 large shield (worn)
 G - a +2 pair of gloves (worn)
Jewellery
 c - an uncursed ring of protection from cold
 g - the ring of Cudeaha (right hand) {Ice rN+ Dex+4}
   (You found it on level 6 of the Lair of Beasts)

   [ring of ice]

   It enhances your ice magic.
   It affects your dexterity (+4).
   It makes you vulnerable to fire.
   It protects you from cold.
   It protects you from negative energy.
 t - an uncursed ring of positive energy
 v - an uncursed ring of wizardry
 z - an uncursed ring of flight
 E - an amulet of regeneration (around neck)
 I - a +5 ring of protection (left hand)
 W - the amulet "Jeucios" {Harm *Drain Dex+3 SInv}
   (You found it on level 4 of the Lair of Beasts)

   [amulet of harm]

   It increases damage dealt and taken.
   It affects your dexterity (+3).
   It lets you see invisible.
   It causes draining when unequipped.
Wands
 b - a wand of iceblast (11)
 e - a wand of digging (16)
 p - a wand of flame (47)
 C - a wand of enslavement (14)
 N - a wand of acid (14)
 P - a wand of random effects (21)
 T - a wand of polymorph (20)
 U - a wand of disintegration (17)
 Y - a wand of paralysis (33)
Scrolls
 d - 9 scrolls of identify
 i - 3 scrolls of blinking
 m - 6 scrolls of teleportation
 n - 3 scrolls of magic mapping
 r - 17 scrolls of remove curse
 w - a scroll of torment
 x - 2 scrolls of amnesia
 B - 6 scrolls of fear
 Q - 2 scrolls of fog
Potions
 h - a potion of brilliance
 j - 9 potions of curing
 l - 5 potions of cancellation
 o - 3 potions of invisibility
 F - 2 potions of agility
 K - 2 potions of might
 L - 4 potions of haste
 S - 2 potions of ambrosia
 X - a potion of flight
Books
 s - a book of Misfortune

   Spells                             Type                      Level
   a - Confusing Touch                Hexes                        1
   b - Confuse                        Hexes                        3
   c - Gell's Gravitas                Translocation                3
   d - Petrify                        Transmutation/Earth          4
   e - Metabolic Englaciation         Hexes/Ice                    5
   f - Yara's Violent Unravelling     Hexes/Transmutation          5
 y - a book of Transfigurations

   Spells                             Type                      Level
   a - Irradiate                      Conjuration/Transmutation    5
   b - Statue Form                    Transmutation/Earth          6
   c - Hydra Form                     Transmutation                6
   d - Dragon Form                    Transmutation                7
Comestibles
 f - 51 rations


   Skills:
 + Level 18.8 Fighting
 - Level 16.0 Axes
 - Level 16.0 Armour
 - Level 7.0 Dodging
 - Level 16.1 Shields
 - Level 9.1 Spellcasting
 - Level 8.0 Invocations


You had 35 spell levels left.
You didn't know any spells.

Dungeon Overview and Level Annotations

Branches:
Dungeon (15/15)            Temple (0/1) D:6            Lair (6/6) D:9
  Swamp (4/4) Lair:2       Spider (0/4) Lair:3        Slime (0/5) Lair:5
    Orc (2/2) D:10            Elf (3/3) Orc:2        Vaults (2/5) D:14
 Depths (0/5) D:15
  Crypt: Vaults:2-3

Altars:
Xom
Beogh
Jiyva

Shops:
D:10 (   D:11 [   Orc:2 [}}   Elf:3 }

Annotations:
D:4 Grinder, Sigmund


Innate Abilities, Weirdness & Mutations

You can walk on water.
You have a pair of small antennae on your head.
You are clumsy. (Dex -2)
[You have an uncontrollable temper.]
[Scrolls take you longer to read.]
[Armour fits poorly on your strangely shaped body.]
[Your body often deteriorates upon taking damage.]
[You are extremely frail. (-30% HP)]
[Your magical capacity is very low. (-20% MP)]
[You frequently scream uncontrollably at your foes.]
[You do not regenerate when monsters are visible.]
[You are very weak. (Str -4)]


Message History

The neqoxec closely misses you.
Really read with blurry vision while enemies are nearby?
You recover from your berserk rage.
You block the thrashing horror's attack.
The thrashing horror tramples you but does no damage.
The golden eye blinks!
The golden eye blinks at you.
You are confused.
The thrashing horror tramples you.
* * * LOW HITPOINT WARNING * * *
You hold your ground!
The thrashing horror tramples you but does no damage.
The thrashing horror tramples you!
* * * LOW HITPOINT WARNING * * *
You hold your ground!
The thrashing horror tramples you but does no damage.
The golden eye blinks!
The thrashing horror tramples you but does no damage.
The thrashing horror barely misses you. The iron imp hits you.
You die...

....... ....#.... ..
...X....####... .# .
#. ..... ....!#..
..##....#
......#...#.#...# #. #
........#..##.#. ..#.#
...#..#.§.#.... .##..
#
...>..{..G...........#
..##.XXGX#.##.... # #
##X@5..#.###.. #
#.#§3.##.# ##[.#
#..§...# .# ...#
.G#.#...# .# # .##
#......... # ##
....P....... . ###
#######


You could see 4 thrashing horrors, a large abomination (wandering), a neqoxec,
an iron imp and 3 golden eyes.

Vanquished Creatures
  A deep elf blademaster (Elf:2)
  An Executioner (Abyss:3)
  Kirke (Swamp:2)
  A vault warden (Vaults:2)
  2 ironheart preservers
  An ice dragon (Swamp:4)
  3 vault guards
  A yaktaur captain (D:15)
  Harold (D:12)
  2 rakshasas
  7 hydras
  Fannar (D:12)
  A death knight (D:13)
  4 centaur warriors
  3 ogre magi
  4 dancing weapons
  4 alligators
  10 two-headed ogres
  3 thrashing horrors (Abyss:3)
  6 deep elf knights
  A hell knight (Vaults:2)
  An iron troll (Orc:2)
  The ghost of Ymberto the Basher, a novice HuFi of Okawaru (D:7)
  The ghost of tidbits the Covert, a novice VSWz of Cheibriados (D:12)
  A wretched star (Abyss:3)
  A spriggan druid (Swamp:4)
  A glowing orange brain (Abyss:3)
  8 large abominations
  5 unseen horrors
  3 swamp dragons (Swamp:1)
  4 ironbrand convokers
  4 deep elf archers
  4 orc knights
  2 necromancers
  16 deep elf magi
  The ghost of MirrMurr the Poker, a novice DsGl of Okawaru (D:5)
  2 ugly things (Vaults:1)
  An orc sorcerer (D:12)
  3 cyclopes
  An ice statue (Lair:6)
  2 black mambas
  4 vault sentinels
  2 elephants (Lair:5)
  6 spiny frogs
  A gargoyle (D:10)
  An efreet (Abyss:3)
  2 redback zombies
  2 rime drakes
  3 yaktaurs
  5 komodo dragons
  An ancient zyme (Abyss:3)
  3 freezing wraiths
  4 polar bears (Lair:6)
  3 tyrant leeches
  10 trolls
  A wolf spider simulacrum (D:15)
  2 tengu conjurers (D:14)
  8 hornets
  3 meliai
  3 hippogriffs
  3 raiju (Abyss:3)
  5 slime creatures
  10 blink frogs
  The ghost of Thaneod the Chopper, an amateur GrCK of Xom (D:3)
  3 bog bodies
  16 spriggans
  3 shadows
  A tarantella (Vaults:1)
  A ynoxinul (Abyss:3)
  4 wyverns
  24 yaks
  Eustachio (D:5)
  A wraith (D:14)
  2 hogs (Swamp:2)
  A basilisk (Lair:1)
  A fire elemental (Elf:1)
  2 chaos spawn (Abyss:3)
  A hungry ghost (D:7)
  10 vampire mosquitoes
  2 swamp worm simulacra (Swamp:4)
  A warg (Orc:2)
  2 neqoxecs (Abyss:3)
  4 insubstantial wisps
  13 swamp worms
  A soldier ant (D:13)
  An acid dragon (D:9)
  2 hydra simulacra (Swamp:4)
  5 water moccasins
  6 porcupines
  12 orc warriors
  7 swamp drakes
  A black bear (shapeshifter) (Elf:3)
  3 ice beasts
  A sky beast (D:9)
  4 black bears
  An eye of draining (Abyss:4)
  19 ogres
  2 small abominations (Abyss:3)
  5 boggarts
  20 wolves
  7 centaurs
  A necrophage (D:6)
  11 crocodiles
  A big kobold (D:12)
  Blork the orc (D:5)
  9 bullfrogs
  A glowing shapeshifter simulacrum (Vaults:1)
  An earth elemental (Elf:3)
  A water moccasin zombie (D:7)
  4 scorpions
  4 killer bees (Abyss:3)
  12 wights
  4 howler monkeys
  4 crimson imps
  2 centaur zombies
  3 starcursed masses (Abyss:3)
  2 bullfrog zombies (D:5)
  A quasit (D:6)
  3 hounds
  A jelly (D:13)
  5 orc priests
  A bullfrog skeleton (D:7)
  A gnoll shaman (D:10)
  An iron imp (Abyss:3)
  Ijyb (D:4)
  4 centaur skeletons
  Terence (D:3)
  An iguana (D:4)
  6 orc wizards
  10 worker ants
  2 killer bee zombies
  A hound skeleton (D:5)
  A worker ant zombie (D:4)
  4 gnolls (D:3)
  7 adders
  6 shadow imps
  5 white imps
  3 swamp drake simulacra (Swamp:4)
  4 worms
  2 dart slugs
  2 leopard geckos
  34 orcs
  10 bats
  3 giant cockroaches
  5 goblins
  4 hobgoblins
  13 jackals
  4 quokkas
  A ball python (D:1)
  5 frilled lizards
  A jackal zombie (D:6)
  16 kobolds
  A quokka skeleton (D:4)
  A quokka zombie (D:8)
  9 rats
  6 fungi
  A lurking horror (Abyss:3)
  2 plants
643 creatures vanquished.

Vanquished Creatures (collateral kills)
  Margery (Vaults:2)
  Xtahua (Vaults:2)
  Nikola (Swamp:2)
  A sphinx (Vaults:1)
  The ghost of tsouns the Impaler, an adept MfAE of Okawaru (Swamp:2)
  2 deep elf sorcerers
  3 vault wardens
  Aizul (Swamp:3)
  3 stone giants
  3 ironheart preservers (Vaults:1)
  Nessos (D:12)
  2 deep elf demonologists
  2 entropy weavers (Vaults:1)
  Azrael (Elf:1)
  A deep elf death mage (Elf:3)
  An ogre mage (Orc:2)
  Snorg (D:10)
  A deep elf high priest (Elf:3)
  2 yaktaur captains
  A fire dragon (Vaults:1)
  9 hydras
  A rakshasa (Vaults:2)
  2 vault guards (Vaults:1)
  4 ice dragons
  2 ghost crabs
  A centaur warrior (D:15)
  9 two-headed ogres
  4 alligators
  18 dancing weapons
  3 hell knights (Vaults:2)
  Sonja (Lair:4)
  Nergalle (D:10)
  9 deep elf knights
  20 slime creatures
  A skeletal warrior (Vaults:1)
  A glowing orange brain (Vaults:2)
  A flayed ghost (Vaults:2)
  8 deep trolls
  A shambling mangrove (Swamp:4)
  An unseen horror (D:15)
  2 spriggan druids
  An ironbrand convoker (Vaults:2)
  2 wizards
  9 deep elf archers
  A wolf spider zombie (D:13)
  3 orc knights
  A necromancer (Vaults:2)
  2 wolf spiders
  30 deep elf magi
  6 cyclopes
  6 ugly things
  2 manticores
  3 elephants (Lair:5)
  3 centaur zombies
  A black mamba (Lair:6)
  A guardian serpent (D:11)
  4 vault sentinels
  A gargoyle (D:15)
  A centaur skeleton (D:15)
  4 spiny frogs
  An orc priest (Swamp:1)
  2 yaktaurs (Vaults:2)
  2 komodo dragons (Lair:6)
  A tengu conjurer (D:15)
  4 freezing wraiths
  A polar bear (shapeshifter) (Elf:2)
  5 polar bears
  2 meliai (D:14)
  5 hornets
  7 trolls
  4 tyrant leeches
  5 bog bodies
  7 blink frogs
  5 hippogriffs
  A redback (Vaults:1)
  4 spriggans
  A wyvern (Lair:4)
  2 air elementals (Elf:2)
  A water elemental (Elf:3)
  A vampire (D:12)
  A basilisk (D:14)
  8 yaks
  4 fire elementals
  A hog (Swamp:2)
  18 vampire mosquitoes
  A swamp worm simulacrum (Swamp:4)
  2 hungry ghosts
  6 insubstantial wisps
  9 swamp worms
  A warg (Orc:2)
  2 acid dragons
  10 hydra simulacra (Swamp:4)
  5 water moccasins
  5 porcupines
  A hell hound (Elf:1)
  8 orc warriors
  A swamp drake (Swamp:4)
  4 ice beasts (Lair:6)
  A sky beast (D:12)
  A phantom (D:11)
  11 ogres
  11 wolves
  11 crocodiles
  2 centaurs
  5 bullfrogs
  An earth elemental (Elf:1)
  A wyvern zombie (D:13)
  2 scorpions (Lair:3)
  8 wights
  A crimson imp (D:12)
  A hound (D:10)
  A jelly (D:15)
  2 orc wizards
  A worker ant (Lair:3)
  An adder (D:10)
  A shadow imp (D:15)
  A white imp (Lair:6)
  2 swamp drake simulacra (Swamp:4)
  An adder zombie (D:10)
  18 orcs
  3 giant cockroaches (Lair:3)
  A quokka (D:12)
  21 fungi
  4 plants
471 creatures vanquished.

Vanquished Creatures (others)
  An orc warlord (Swamp:4)
  8 orc knights
  A dancing weapon (Elf:2)
  An orc high priest (Orc:2)
  2 deep elf knights (Elf:3)
  A deep elf mage (Elf:1)
  A spiny frog (Swamp:4)
  A komodo dragon (Swamp:4)
  13 orc wizards
  A hog (Swamp:2)
  2 golden eyes (Abyss:3)
  14 orc warriors
  A quasit (D:12)
  5 orc priests
  51 orcs
  A kobold (D:3)
  5 fungi
  5 starspawn tentacles (Abyss:3)
114 creatures vanquished.

Grand Total: 1228 creatures vanquished

Notes
Turn   | Place    | Note
-------+----------+-------------------------------------------
     0 | D:1      | myopia the Hill Orc Fighter began the quest for the Orb.
     0 | D:1      | Reached XP level 1. HP: 19/19 MP: 1/1
    66 | D:1      | Reached XP level 2. HP: 22/26 MP: 2/2
   452 | D:2      | Reached XP level 3. HP: 30/31 MP: 3/3
   528 | D:2      | Reached skill level 5 in Axes
  1228 | D:3      | Noticed Thaneod's ghost (amateur GrCK)
  1325 | D:3      | Reached XP level 4. HP: 39/39 MP: 4/4
  1670 | D:3      | Noticed Terence
  1685 | D:3      | Killed Terence
  1685 | D:3      | Reached XP level 5. HP: 45/45 MP: 5/5
  2167 | D:3      | Became a worshipper of Beogh the Brigand
  2425 | D:4      | Noticed Ijyb
  2449 | D:4      | Killed Ijyb
  2449 | D:4      | Reached XP level 6. HP: 35/51 MP: 6/6
  2586 | D:4      | Noticed Sigmund
  2594 | D:4      | Noticed Grinder
  2663 | D:3      | Killed Thaneod's ghost
  2663 | D:3      | Reached skill level 10 in Axes
  2663 | D:3      | Reached XP level 7. HP: 49/57 MP: 7/7
  2700 | D:4      | Reached * piety under Beogh
  2822 | D:4      | Paralysed by Grinder for 7 turns
  2832 | D:5      | Entered Level 5 of the Dungeon
  2832 | D:5      | Noticed Eustachio
  2858 | D:5      | Killed Eustachio
  3127 | D:5      | Reached XP level 8. HP: 57/64 MP: 8/8
  3139 | D:5      | Noticed MirrMurr's ghost (novice DsGl)
  3153 | D:5      | Killed MirrMurr's ghost
  3186 | D:5      | Reached skill level 4 in Fighting
  3210 | D:5      | Reached skill level 5 in Fighting
  3395 | D:5      | Noticed Blork the orc
  3406 | D:5      | Killed Blork the orc
  3406 | D:5      | Reached skill level 6 in Fighting
  3577 | D:6      | Reached XP level 9. HP: 35/78 MP: 9/9
  3846 | D:6      | Reached skill level 7 in Fighting
  3923 | D:6      | Found a staircase to the Ecumenical Temple.
  4156 | D:6      | Reached skill level 8 in Fighting
  4464 | D:7      | Reached ** piety under Beogh
  4577 | D:7      | Noticed a troll
  4582 | D:7      | Reached skill level 9 in Fighting
  4583 | D:7      | Killed a troll
  4644 | D:7      | Reached skill level 10 in Fighting
  4797 | D:7      | Noticed Ymberto's ghost (novice HuFi)
  4810 | D:7      | Killed Ymberto's ghost
  4810 | D:7      | Reached skill level 12 in Fighting
  4810 | D:7      | Reached XP level 10. HP: 74/97 MP: 10/10
  5378 | D:8      | Gained mutation: [Armour fits poorly on your strangely shaped body.] [potion of mutation]
  5378 | D:8      | Gained mutation: You passively map a small area around you. [potion of mutation]
  5378 | D:8      | Gained mutation: Your mind is acute. (Int +2) [potion of mutation]
  5472 | D:9      | Reached skill level 5 in Armour
  5992 | D:9      | Found a staircase to the Lair.
  6283 | D:10     | Entered Level 10 of the Dungeon
  6298 | D:10     | Noticed an orc knight
  6298 | D:10     | Found a roughly hewn altar of Beogh.
  6354 | D:9      | Killed an orc knight
  6361 | D:10     | Reached *** piety under Beogh
  6449 | D:10     | Noticed Snorg
  6461 | D:10     | Killed Snorg
  6461 | D:10     | Reached skill level 10 in Armour
  6461 | D:10     | Reached XP level 11. HP: 72/104 MP: 11/11
  6467 | D:10     | Found Innus's Weapon Boutique.
  6599 | D:10     | Noticed Nergalle
  6611 | D:10     | Killed Nergalle
  6662 | D:10     | Noticed a centaur warrior
  6697 | D:10     | Killed a centaur warrior
  6951 | D:10     | Found a staircase to the Orcish Mines.
  7123 | D:10     | Gained Worak as an ally
  7254 | D:11     | Noticed a cyclops
  7261 | D:11     | Killed a cyclops
  7281 | D:11     | Lost mutation: Your mind is acute. (Int +2) [potion of mutation]
  7281 | D:11     | Lost mutation: [Armour fits poorly on your strangely shaped body.] [potion of mutation]
  7281 | D:11     | Lost mutation: You passively map a small area around you. [potion of mutation]
  7281 | D:11     | Gained mutation: You possess an exceptional clarity of mind. [potion of mutation]
  7281 | D:11     | Gained mutation: Your skin changes colour to match your surroundings (Stealth+). [potion of mutation]
  7312 | D:11     | Reached **** piety under Beogh
  7443 | D:11     | Reached skill level 5 in Shields
  7580 | D:11     | Got a bloodstained flail
  7586 | D:11     | Identified the +2 flail of Departure {flame, +Blink rPois MR+ Stlth-} (You found it on level 11 of the Dungeon)
  7666 | D:11     | Found Abi Hisch's Armour Shoppe.
  7722 | D:11     | Noticed a cyclops
  7730 | D:11     | Killed a cyclops
  8012 | D:12     | Noticed a manticore
  8019 | D:12     | Killed a manticore
  8027 | D:12     | Reached XP level 12. HP: 100/112 MP: 12/12
  8028 | D:12     | Your ally Worak died
  8092 | D:12     | Noticed tidbits's ghost (novice VSWz)
  8094 | D:12     | Noticed a two-headed ogre
  8116 | D:12     | Killed tidbits's ghost
  8127 | D:12     | Killed a two-headed ogre
  8251 | D:12     | Reached skill level 10 in Shields
  8266 | D:12     | Noticed Fannar
  8282 | D:12     | Killed Fannar
  8472 | D:12     | Noticed Nessos
  8490 | D:12     | Noticed a two-headed ogre
  8491 | D:12     | Killed Nessos
  8493 | D:12     | Killed a two-headed ogre
  8573 | D:12     | Paralysed by an orc sorcerer for 2 turns
  8579 | D:12     | Paralysed by an orc sorcerer for 2 turns
  8580 | D:12     | Reached ***** piety under Beogh
  8630 | D:12     | Noticed Harold
  8640 | D:12     | Killed Harold
  9079 | Lair:1   | Entered Level 1 of the Lair of Beasts
  9957 | Lair:2   | Noticed a seven-headed hydra
  9966 | Lair:2   | Killed a nine-headed hydra
  9966 | Lair:2   | Reached XP level 13. HP: 95/118 MP: 13/13
 10003 | Lair:2   | Found a staircase to the Swamp.
 10138 | Lair:2   | Reached skill level 15 in Axes
 10775 | Lair:3   | Found a hole to the Spider Nest.
 10945 | Lair:3   | Gained Hawl as an ally
 10978 | Lair:3   | Reached skill level 1 in Invocations
 11822 | Lair:4   | Reached skill level 5 in Invocations
 11828 | Lair:4   | Got a pitted ivory amulet
 11829 | Lair:4   | Identified the amulet "Jeucios" {Harm *Drain Dex+3 SInv} (You found it on level 4 of the Lair of Beasts)
 12067 | Lair:4   | Noticed Sonja
 12548 | Lair:4   | Killed Sonja
 12548 | Lair:4   | Gained Agrik as an ally
 13006 | Lair:5   | Found a staircase to the Slime Pits.
 13007 | Lair:5   | Found a viscous altar of Jiyva.
 13313 | Lair:6   | Entered Level 6 of the Lair of Beasts
 13355 | Lair:6   | Noticed an ice dragon
 13358 | Lair:6   | Gained Gorm as an ally
 13367 | Lair:6   | Killed an ice dragon
 13369 | Lair:6   | Reached skill level 13 in Fighting
 13464 | Lair:6   | Reached ****** piety under Beogh
 13772 | Lair:6   | Got a warped lead ring
 13781 | Lair:6   | Identified the ring of Cudeaha {Ice rN+ Dex+4} (You found it on level 6 of the Lair of Beasts)
 13864 | Lair:6   | Reached skill level 14 in Fighting
 13864 | Lair:6   | Reached XP level 14. HP: 127/132 MP: 20/20
 14069 | Lair:6   | Reached skill level 15 in Fighting
 14171 | Lair:6   | Identified the Handbook of Panentheism
 14831 | Orc:1    | Entered Level 1 of the Orcish Mines
 15031 | Orc:2    | Entered Level 2 of the Orcish Mines
 15031 | Orc:2    | Found a staircase to the Elven Halls.
 15082 | Orc:2    | Noticed a stone giant
 15094 | Orc:2    | Killed a stone giant
 15500 | Orc:2    | Reached skill level 16 in Fighting
 15549 | Orc:2    | Reached skill level 17 in Fighting
 15550 | Orc:2    | Found Zecon's Armour Shop.
 15592 | Orc:2    | Found Reseint's Gadget Boutique.
 15594 | Orc:2    | Found Gagume's Gadget Shoppe.
 15597 | Orc:2    | Bought a +1 plate armour of fire resistance for 490 gold pieces
 15597 | Orc:2    | Bought a scarf of repulsion for 168 gold pieces
 15621 | Orc:2    | Found Eluageg's Assorted Antiques.
 17293 | D:14     | Found a shimmering altar of Xom.
 17295 | D:14     | Found a shimmering altar of Xom.
 17295 | D:14     | Found a shimmering altar of Xom.
 17297 | D:14     | Found a shimmering altar of Xom.
 17298 | D:14     | Found a shimmering altar of Xom.
 17298 | D:14     | Found a shimmering altar of Xom.
 17360 | D:14     | Found a gate to the Vaults.
 17367 | D:14     | Reached skill level 18 in Fighting
 17371 | D:14     | Gained Morbeogh as an ally
 17371 | D:14     | Reached XP level 15. HP: 149/149 MP: 21/21
 17556 | D:14     | Reached skill level 1 in Dodging
 17624 | D:14     | Gained Brunolf as an ally
 18031 | D:15     | Entered Level 15 of the Dungeon
 18367 | D:15     | Gained Syrus as an ally
 18484 | D:15     | Your ally Syrus died
 18923 | D:15     | Found a staircase to the Depths.
 19547 | Swamp:1  | Entered Level 1 of the Swamp
 19606 | Swamp:1  | Reached skill level 5 in Dodging
 19608 | Swamp:1  | Your ally Brunolf died
 19699 | Swamp:1  | Gained Boldo as an ally
 20631 | Swamp:2  | Noticed tsouns's ghost (adept MfAE)
 20655 | Swamp:2  | Killed tsouns's ghost
 20770 | Swamp:2  | Noticed Kirke
 20784 | Swamp:2  | Gained Bogwik as an ally
 20786 | Swamp:2  | Killed Kirke
 21062 | Swamp:2  | Reached XP level 16. HP: 143/157 MP: 22/22
 21378 | Swamp:2  | Noticed Nikola
 21387 | Swamp:2  | Killed Nikola
 21600 | Swamp:3  | Gained Borgoth as an ally
 21929 | Swamp:3  | Noticed Aizul
 21949 | Swamp:3  | Killed Aizul
 22152 | Swamp:4  | Entered Level 4 of the Swamp
 22255 | Swamp:4  | Reached skill level 15 in Armour
 22456 | Swamp:4  | Your ally Morbeogh died
 22551 | Swamp:4  | Your ally Hawl died
 22905 | Swamp:4  | Got a decaying rune of Zot
 23320 | Vaults:1 | Entered Level 1 of the Vaults
 23716 | Vaults:1 | Noticed a sphinx
 23726 | Vaults:1 | Killed a sphinx
 24115 | Vaults:1 | Reached skill level 15 in Shields
 24389 | Vaults:1 | Reached XP level 17. HP: 160/163 MP: 23/23
 24528 | Vaults:2 | HP: 8/163 [titanic slime creature (55)]
 24756 | Vaults:2 | Noticed Xtahua
 24766 | Vaults:2 | Killed Xtahua
 25108 | Vaults:2 | Noticed Margery
 25119 | Vaults:2 | Killed Margery
 25123 | Vaults:2 | Reached skill level 1 in Spellcasting
 25125 | Vaults:2 | Your ally Agrik died
 25600 | Vaults:2 | Found a shimmering altar of Xom.
 26078 | Elf:1    | Entered Level 1 of the Elven Halls
 26093 | Elf:1    | Noticed Azrael
 26096 | Elf:1    | Your ally Bogwik died
 26104 | Elf:1    | Gained Harm as an ally
 26106 | Elf:1    | Killed Azrael
 26368 | Elf:1    | Reached skill level 5 in Spellcasting
 26536 | Elf:1    | Noticed a Hell Sentinel
 27488 | Elf:2    | Found a runed gate.
 27488 | Elf:2    | Found a runed gate.
 27488 | Elf:2    | Found a runed gate.
 27547 | Elf:2    | Noticed a deep elf blademaster
 27558 | Elf:2    | Killed a deep elf blademaster
 27701 | Elf:2    | Reached XP level 18. HP: 161/172 MP: 28/28
 27867 | Elf:2    | Your ally Boldo died
 28386 | Elf:3    | Entered Level 3 of the Elven Halls
 28792 | Elf:3    | Found Mahiomn's Gadget Emporium.
 28811 | Elf:3    | Cast into level 3 of the Abyss (a deep elf sorcerer)
 28816 | Abyss:3  | Found a burning altar of Makhleb.
 28844 | Abyss:3  | Found a burning altar of Makhleb.
 28991 | Abyss:3  | Gained Nordag as an ally
 28994 | Abyss:3  | Gained Arbeogh as an ally
 29024 | Abyss:3  | Gained mutation: [You are frail. (-10% HP)] [a neqoxec]
 29036 | Abyss:3  | Your ally Arbeogh died
 29041 | Abyss:3  | Your ally Nordag died
 29065 | Abyss:3  | Paralysed by accursed screaming for 2 turns
 29128 | Abyss:3  | Found a corrupted altar of Lugonu.
 29212 | Abyss:3  | Found a corrupted altar of Lugonu.
 29477 | Abyss:3  | Found a corrupted altar of Lugonu.
 29500 | Abyss:3  | Noticed a hellephant
 29669 | Abyss:3  | Lost mutation: [You are frail. (-10% HP)] [potion of mutation]
 29669 | Abyss:3  | Lost mutation: Your skin changes colour to match your surroundings (Stealth+). [potion of mutation]
 29669 | Abyss:3  | Lost mutation: You possess an exceptional clarity of mind. [potion of mutation]
 29669 | Abyss:3  | Gained mutation: You have large cloven feet. [potion of mutation]
 29669 | Abyss:3  | Gained mutation: You are partially covered in molten scales. (AC +2) [potion of mutation]
 29801 | Abyss:3  | Found a sacrificial altar of Ru.
 29842 | Abyss:3  | Found a hide-covered altar of Uskayaw.
 29879 | Abyss:4  | Lost mutation: You have large cloven feet. [potion of mutation]
 29879 | Abyss:4  | Lost mutation: You are partially covered in molten scales. (AC +2) [potion of mutation]
 29879 | Abyss:4  | Gained mutation: You have a pair of small antennae on your head. [potion of mutation]
 29932 | Abyss:4  | Gained mutation: You are clumsy. (Dex -2) [a neqoxec]
 29938 | Abyss:4  | HP: 1/121 [thrashing horror (7)]
 29938 | Abyss:4  | Slain by an iron imp

Skill      XL: |  1  2  3  4  5  6  7  8  9 10 11 12 13 14 15 16 17 18 |
---------------+-------------------------------------------------------+-----
Axes           | 3 4 5 6 8 10 11 13 14 16 | 16.0
Fighting       | 6 12 14 18 | 18.8
Armour         | 10 12 14 15 16 | 16.0
Shields        | 8 12 15 16 | 16.1
Invocations    | 8 |  8.0
Dodging        | 6 7 |  7.0
Spellcasting   | 7 9 |  9.1

Action                   |  1- 3 |  4- 6 |  7- 9 | 10-12 | 13-15 | 16-18 || total
-------------------------+-------+-------+-------+-------+-------+-------++-------
Melee: War axe           |    84 |   179 |   248 |   639 |  1015 |   932 ||  3097
       Kick              |       |       |       |       |       |    17 ||    17
Throw: Throwing net      |       |       |     1 |       |       |       ||     1
       Javelin           |       |       |       |     3 |       |       ||     3
Invok: Convert to Beogh  |       |     1 |       |       |       |       ||     1
       Recall Orcish Fol |       |       |       |     1 |    11 |    17 ||    29
       Give Item to Name |       |       |       |       |     5 |     4 ||     9
       Smiting           |       |       |       |       |     2 |       ||     2
       Resurrection      |       |       |       |       |     1 |     3 ||     4
Evoke: Wand              |       |       |       |     1 |       |     1 ||     2
  Use: Potion            |     1 |     1 |     3 |    10 |     5 |    21 ||    41
       Scroll            |       |    13 |     4 |     8 |    15 |    17 ||    57
 Stab: Distracted        |       |       |       |     2 |     8 |     9 ||    19
       Confused          |       |       |       |     1 |       |       ||     1
  Eat: Chunk             |       |     6 |     5 |     9 |    26 |     9 ||    55
       Ration            |       |       |     2 |     2 |     3 |     6 ||    13
Armor: Scale mail        |    54 |    82 |    73 |       |       |       ||   209
       Chain mail        |       |       |    57 |    73 |       |       ||   130
       Plate armour      |       |       |       |   251 |   580 |   451 ||  1282
Dodge: Dodged            |    30 |    39 |    57 |    86 |   243 |   250 ||   705
       Deflected         |       |       |       |       |     3 |    27 ||    30
Block: Shield            |    51 |    79 |   109 |   284 |   627 |   121 ||  1271
       Large shield      |       |       |       |       |       |   710 ||   710
